 Dungeon Crawl Stone Soup version 0.17-a0-18-gc25b939 (console) character file.

44 MrRokkomies the Slasher (level 3, 0/24 HPs)
             Began as a High Elf Warper on Mar 9, 2015.
             Was an Initiate of Dithmenos.
             Succumbed to an adder's poison
             ... on level 3 of the Dungeon.
             The game lasted 00:04:13 (1406 turns).

MrRokkomies the Slasher (High Elf Warper)           Turns: 1406, Time: 00:04:13

Health: 0/24       AC:  5    Str: 10    XL:     3   Next: 41%
Magic:  7/8        EV: 13    Int: 18    God:    Dithmenos [......]
Gold:   101        SH:  0    Dex: 14    Spells: 3 memorised, 1 level left

rFire  . . .     SeeInvis .     a - +0 falchion
rCold  . . .     Clarity  .     b - +0 leather armour
rNeg   . . .     SustAb   .     (no shield)
rPois  .         Gourm    .     h - +1 helmet
rElec  .         Spirit   .     (no cloak)
rCorr  .         Warding  .     (no gloves)
rMut   .         Stasis   .     (no boots)
MR     .....                    (no amulet)
Stlth  +.........               (no ring)
                                (no ring)

@: lethally poisoned (0 -> -11), about to teleport, not resistant to hostile
enchantments, very unstealthy
A: no striking features
a: Renounce Religion


You were on level 3 of the Dungeon.
You worshipped Dithmenos.
Dithmenos was noncommittal.
You were hungry.

You visited 1 branch of the dungeon, and saw 3 of its levels.

You collected 101 gold pieces.

Inventory:

Hand weapons
 a - a +0 falchion (weapon)
Missiles
 e - 5 tomahawks of dispersal
 i - 47 poisoned needles
 j - 18 stones (quivered)
 k - 4 curare-tipped needles
Armour
 b - a +0 leather armour (worn)
 h - a +1 helmet (worn)
Scrolls
 d - a scroll of blinking
 n - a scroll of identify
Books
 c - a book of Spatial Translocations

   Spells                             Type                      Level
   a - Apportation                    Translocation                1
   b - Blink                          Translocation                2
   c - Shroud of Golubria             Charms/Translocation         2
   d - Portal Projectile              Translocation                3
   e - Teleport Other                 Translocation                3
   f - Passage of Golubria            Translocation                4
Comestibles
 f - a bread ration
 l - a slice of pizza


   Skills:
 - Level 2.0 Fighting
 * Level 3.7 Long Blades
 - Level 1.1 Throwing
 - Level 0.8 Armour
 * Level 3.3 Dodging
 - Level 2.4 Spellcasting
 - Level 3.2 Translocations


You had one spell level left.
You knew the following spells:

 Your Spells              Type           Power        Failure   Level  Hunger
a - Apportation           Tloc           ##........   10%         1    #......
b - Blink                 Tloc           N/A          12%         2    ##.....
c - Shroud of Golubria    Chrm/Tloc      #.........   21%         2    ##.....


Dungeon Overview and Level Annotations

Branches:
Dungeon (3/15)

Altars:
Dithmenos
Qazlal

Annotations:
D:2 Robin


Message History

The adder bites you.
* * * LOW HITPOINT WARNING * * *
You are lethally poisoned!
The adder poisons you!
Your shroud falls apart!
The adder bites you.
* * * LOW HITPOINT WARNING * * *
Read which item? (? for menu, Esc to quit)
As you read the scroll labeled YLYEWN INTUOM, it crumbles to dust.
You feel strangely unstable.
It was a scroll of teleportation.
* * * LOW HITPOINT WARNING * * *
You feel sick. The adder bites you.
* * * LOW HITPOINT WARNING * * *
You are more poisoned.
The adder poisons you!
Read which item? (? for menu, Esc to quit)
As you read the scroll labeled JAOCRE CESYNU, it crumbles to dust.
It is a scroll of identify.
You don't have any unidentified items.
You die... # .# #. #. ##.###.# #.S@...# #...####### ##

You could see an adder.

Vanquished Creatures
  A gnoll (D:1)
  A giant gecko (D:2)
  A ball python (D:2)
  2 giant cockroaches
  7 goblins
  6 hobgoblins (D:1)
  6 kobolds
  5 giant newts
  4 rats
33 creatures vanquished.

Notes
Turn   | Place    | Note
--------------------------------------------------------------
     0 | D:1      | MrRokkomies, the High Elf Warper, began the quest for the Orb.
     0 | D:1      | Reached XP level 1. HP: 14/14 MP: 4/4
   366 | D:1      | Reached XP level 2. HP: 14/19 MP: 6/6
   565 | D:1      | Learned a level 2 spell: Blink
   568 | D:1      | Learned a level 2 spell: Shroud of Golubria
   895 | D:1      | Reached XP level 3. HP: 7/24 MP: 5/8
  1294 | D:2      | Found a stormy altar of Qazlal.
  1299 | D:2      | Found a shadowy altar of Dithmenos.
  1313 | D:2      | Became a worshipper of Dithmenos the Shadowed
  1379 | D:2      | Noticed Robin
  1405 | D:3      | HP: 1/24 [adder (1)]
  1406 | D:3      | Succumbed to an adder's poison

Action                   || total
-------------------------++-------
Melee: Falchion          ||   138
Throw: Stone             ||     4
 Cast: Shroud of Golubri ||     2
  Use: Scroll            ||     3
       Potion            ||     1
  Eat: Chunk             ||     1
